 Dungeon Crawl Stone Soup version 0.26.1-11-gd32895ea62 (webtiles) character file.

Game seed: 3248698066846881761

61 Groucho the Sneak (level 3, -1/16 HPs)
             Began as a Spriggan Enchanter on June 23, 2021.
             Slain by a goblin
             ... wielding a +0 club
             ... led by Robin
              (3 damage)
             ... on level 2 of the Dungeon.
             The game lasted 00:04:51 (2465 turns).

Groucho the Sneak (Spriggan Enchanter)              Turns: 2465, Time: 00:04:51

Health: -1/16      AC:  2    Str:  5    XL:     3   Next: 83%
Magic:  1/8        EV: 18    Int: 16    God:
Gold:   79         SH:  0    Dex: 16    Spells: 2/8 levels left

rFire    . . .     SeeInvis +   a - +1 dagger
rCold    . . .     Faith    .   (shield restricted)
rNeg     . . .     Spirit   .   b - +0 robe
rPois    .         Reflect  .   (helmet restricted)
rElec    .         Harm     .   (no cloak)
rCorr    .         Rampage  .   (gloves unavailable)
Will     .....                  (boots unavailable)
Stlth    +++.......             (no amulet)
HPRegen  0.05/turn              (no ring)
MPRegen  0.11/turn              (no ring)

@: very quick
A: very small, unfitting armour, see invisible, speed 3
a: no special abilities


You were on level 2 of the Dungeon.
You visited 1 branch of the dungeon, and saw 3 of its levels.

You collected 79 gold pieces.

Inventory:

Hand Weapons
 a - a +1 dagger (weapon)
Armour
 b - a +0 robe (worn)
Scrolls
 e - a scroll of fear {unknown}
 h - a scroll of noise {unknown}
 i - 3 scrolls of remove curse {unknown}
 j - a scroll of identify {unknown}
 l - a scroll of enchant weapon {unknown}
Potions
 c - a potion of flight {unknown}
 d - a potion of resistance {unknown}
 f - a potion of ambrosia {unknown}
 g - 2 potions of curing {unknown}
 k - a potion of degeneration {unknown}


   Skills:
 - Level 1.1 Short Blades
 - Level 3.0 Dodging
 * Level 6.2 Stealth
 + Level 3.4 Spellcasting
 + Level 4.2 Hexes


You had 2 spell levels left.
You knew the following spells:

 Your Spells              Type           Power        Failure   Level
a - Corona                Hex            17%          3%          1
b - Ensorcelled Hibernat  Hex/Ice        18%          12%         2
c - Confusing Touch       Hex            16%          10%         3

Your spell library contained the following spells:

 Spells                   Type           Power        Failure   Level
 Tukima's Dance           Hex            16%          10%         3
 Dazzling Flash           Conj/Hex       18%          22%         3
 Gell's Gravitas          Tloc           1%           47%         3
 Petrify                  Tmut/Erth      2%           87%         4
 Metabolic Englaciation   Hex/Ice        4%           91%         5
 Yara's Violent Unravell  Hex/Tmut       4%           91%         5


Dungeon Overview and Level Annotations

Branches:
Dungeon (3/15)

Altars:

Annotations:
D:2 Robin


Innate Abilities, Weirdness & Mutations

You are very small and have problems with some larger weapons.
You are too small for most types of armour.
You have supernaturally acute eyesight. (SInv)
You cover ground extremely quickly.


Message History

The goblins go into a battle-frenzy!
You hit the goblin but do no damage. The goblin misses you.
The goblin hits you but does no damage.
You hit the goblin.
The goblin is moderately wounded.
The goblin misses you. The goblin completely misses you.
You barely miss the goblin.
The goblin is moderately wounded.
The goblin closely misses you. The goblin hits you but does no damage.
You hit the goblin.
The goblin is severely wounded.
The goblin barely misses you. The goblin hits you with a +0 club.
You closely miss the goblin.
The goblin is severely wounded.
The goblin misses you. The goblin hits you with a +0 club.
* * * LOW HITPOINT WARNING * * *
You barely miss the goblin.
The goblin is severely wounded.
The goblin closely misses you. The goblin hits you with a +0 club.
You die...

.....# ......# #..#
##.....####..##
##......##.... ##.......##..#
##........#..# ##### #
#.......#..# ..[.
#......#..#############..##
#####..'.().g@ggg.##......##.
#####..'..#######.#......g...
♣#......##.# #.(g..†.g.g..
###...÷...##)# #.#.?..#....#
##........#†># #.###.g......
##.......##### #.# #....##..
##......## #.# #....##g.
##.....## #.g ......g..
......## ### ...#gg..#


You could see Robin and 3 goblins.

Vanquished Creatures
  2 adders (D:2)
  2 dart slugs
  A leopard gecko (D:1)
  2 giant cockroaches (D:1)
  8 goblins
  4 hobgoblins
  4 jackals (D:2)
  2 ball pythons (D:1)
  3 bats
  5 frilled lizards (D:1)
  2 kobolds (D:1)
  4 rats
39 creatures vanquished.

Vanquished Creatures (others)
  4 plants (D:1)
4 creatures vanquished.

Grand Total: 43 creatures vanquished

Notes
Turn   | Place    | Note
-------+----------+-------------------------------------------
     0 | D:1      | Groucho the Spriggan Enchanter began the quest for the Orb.
     0 | D:1      | Reached XP level 1. HP: 9/9 MP: 5/5
   561 | D:1      | Reached skill level 5 in Stealth
   561 | D:1      | Reached XP level 2. HP: 13/13 MP: 7/7
   564 | D:1      | Learned a level 2 spell: Ensorcelled Hibernation
  1236 | D:2      | Reached XP level 3. HP: 16/16 MP: 8/8
  1986 | D:2      | Noticed Robin
  2015 | D:3      | Reached skill level 6 in Stealth
  2021 | D:3      | Learned a level 3 spell: Confusing Touch
  2465 | D:2      | Slain by a goblin

Illustrated notes

Levels and vault maps discovered:
D:1:      heliophobic_arrival_ceremonial_halls, layout_basic, minmay_lizard_king
D:2:      layout_loops_ring, minmay_misc_feat_encased, skrybe_limestone_x,
          kennysheep_cross_room, minmay_snake_closets, uniq_robin
D:3:      layout_loops_corners, lemuel_old_faithful, uniq_ijyb

Skill      XL: |  1  2  3 |
---------------+----------+-----
Stealth        | 5 6 |  6.2
Spellcasting   | 3 |  3.4
Hexes          | 4 |  4.2
Short Blades   | |  1.1
Dodging        | |  3.0

Action                   || total
-------------------------++-------
Melee: Dagger            ||   149
 Cast: Ensorcelled Hiber ||    31
       Corona            ||     1
 Stab: Sleeping          ||    24
Armor: Robe              ||     8
Dodge: Dodged            ||   127
